 Dungeon Crawl Stone Soup version 0.30-a0-368-g86fb4627a9 (webtiles) character file.

Game seed: 1676244458988071463

559 AllHailTony the Ducker (level 7, -10/51 HPs)
             Began as a Demonspawn Gladiator on Nov 18, 2022.
             Killed by nerve-wracking pain
             ... invoked by Grinder
              (13 damage)
             ... on level 4 of the Dungeon.
             The game lasted 00:16:05 (2189 turns).

AllHailTony the Ducker (Demonspawn Gladiator)       Turns: 2189, Time: 00:16:06

Health: -10/51     AC: 10    Str: 21    XL:     7   Next: 9%
Magic:  16/16      EV: 13    Int:  7    God:
Gold:   106        SH:  0    Dex: 14    Spells: 6/6 levels left

rFire   + + .      SeeInvis .    h - +1 short sword (drain)
rCold   . . .      Faith    .    (no shield)
rNeg    . . .      Spirit   .    q - +0 chain mail
rPois   .          Reflect  .    o - +0 helmet
rElec   .          Harm     .    u - scarf {+Inv}
rCorr   .          Rampage  .    (no gloves)
Will    .....                    (no boots)
Stlth   ..........               (no amulet)
HPRegen 0.28/turn                n - ring "Ajaiq" {rF++ EV+4 Str+5 Int-3}
MPRegen 0.15/turn                p - ring of magical power

@: no status effects
A: claws 2, hooves 1, spiny 1
a: Evoke Invisibility


You were on level 4 of the Dungeon.
You visited 1 branch of the dungeon, and saw 4 of its levels.

You collected 106 gold pieces.

Inventory:

Hand Weapons
 h - a +1 short sword of draining (weapon)
Missiles
 d - 3 throwing nets (quivered)
 e - a javelin
Armour
 o - a +0 helmet (worn)
 q - a +0 chain mail (worn)
 u - a scarf of invisibility (worn)
Jewellery
 n - the ring "Ajaiq" (left claw) {rF++ EV+4 Str+5 Int-3}
   (You found it on level 2 of the Dungeon)

   [ring of evasion]

   EV:        It affects your evasion (+4).
   Str:       It affects your strength (+5).
   Int:       It affects your intelligence (-3).
   rF:        It greatly protects you from fire.
 p - a ring of magical power (right claw)
Wands
 s - a wand of polymorph (7)
Scrolls
 f - 7 scrolls of identify {unknown}
 i - a scroll of immolation {unknown}
 k - a scroll of acquirement {unknown}
 m - 2 scrolls of summoning {unknown}
Potions
 a - 2 potions of might {unknown}
 b - a potion of attraction {unknown}
 c - a potion of mutation {unknown}
 g - 2 potions of flight {unknown}
 j - a potion of heal wounds {unknown}
 l - 4 potions of curing {unknown}
 r - a potion of degeneration {unknown}
 t - a potion of magic {unknown}


   Skills:
 + Level 2.8 Fighting
 + Level 3.4 Short Blades
 + Level 3.1 Polearms
 + Level 2.0 Throwing
 + Level 3.6 Armour
 + Level 4.2 Dodging
 + Level 0.6 Stealth


You had 6 spell levels left.
You didn't know any spells.
Your spell library contained the following spells:

 Spells                   Type           Power      Damage    Failure   Level
 Summon Guardian Golem    Hex/Summ       0%         N/A       100%        3
 Orb of Destruction       Conj           0%         9d5       100%        7
 Spellforged Servitor     Conj/Summ      0%         N/A       100%        7


Dungeon Overview and Level Annotations

Branches:
Dungeon (4/15)
 Temple: D:4-7

Altars:

Annotations:
D:4 Grinder


Innate Abilities, Weirdness & Mutations

You have very sharp fingernails.
You have large cloven feet.
You are partially covered in sharp spines.


Message History

You kill the hound!
The hobgoblin closely misses you.
You hit the hobgoblin.
You kill the hobgoblin!
You see here a hobgoblin corpse.
You see here a +0 club.
You hit Grinder but do no damage. Grinder misses you.
You hit Grinder but do no damage. Grinder hits you.
You writhe in agony.
You barely miss Grinder. Grinder hits you.
You writhe in agony.
You hit Grinder but do no damage. You hit Grinder but do no damage.
Grinder gestures at you.
You struggle to resist.
You hit Grinder.
Grinder is lightly wounded.
Grinder is struck by your spines. Grinder hits you but does no damage.
You hit Grinder but do no damage. Your kick misses Grinder.
Grinder is lightly wounded.
Grinder hits you.
You writhe in agony.
You barely miss Grinder.
Grinder is lightly wounded.
Grinder misses you.
You hit Grinder but do no damage.
Grinder is lightly wounded.
Grinder gestures at you.
You suddenly lose the ability to move!
Grinder hits you.
You writhe in agony.
Grinder hits you.
You writhe in agony.
Grinder gestures at you. Pain shoots through your body!
* * * LOW HITPOINT WARNING * * *
Grinder gestures at you. Pain shoots through your body!
* * * LOW HITPOINT WARNING * * *
Grinder hits you but does no damage.
You can move again.
Grinder attacks as you move away! Grinder hits you but does no damage.
Grinder gestures at you. Pain shoots through your body!
You die...

#.......# #(......#####
........... .........# #
......#.### .
.........####### .
###5#..#.....#... .
###.†)##.#..##...### .
#....@.>....##.....##.
#...#.######.............
###... ##..#..#...... #.#
##....#....... ##.#
#..........##..
#####..######....#..##.###..
..##.... ....###..##.###..
#######.#...# #..#
#.....##... #....##.#..#
##.#####........##


You could see Grinder.

Vanquished Creatures
  Sigmund (D:3)
  Menkaure (D:4)
  A scorpion (D:4)
  2 hounds (D:4)
  An iguana (D:4)
  Natasha (D:2)
  3 adders
  2 worms
  2 dart slugs (D:1)
  An orc (D:3)
  8 ball pythons
  4 bats
  6 endoplasms
  3 giant cockroaches
  5 goblins
  10 hobgoblins
  8 jackals
  4 kobolds
  A quokka (D:1)
  A frilled lizard (D:1)
  5 rats
70 creatures vanquished.

Notes
Turn   | Place    | Note
-------+----------+-------------------------------------------
     0 | D:1      | AllHailTony the Demonspawn Gladiator began the quest for
                  | the Orb.
     0 | D:1      | Reached XP level 1. HP: 16/16 MP: 1/1
   122 | D:1      | Discovered your monstrous ancestry.
   122 | D:1      | Gained mutation: You have sharp fingernails. [demonic
                  | ancestry]
   122 | D:1      | Reached XP level 2. HP: 22/22 MP: 2/2
   139 | D:1      | Reached skill level 3 in Dodging
   273 | D:1      | Reached XP level 3. HP: 19/27 MP: 3/3
   371 | D:1      | You fall into a shaft and drop 1 floor!
   584 | D:2      | Identified the ring "Ajaiq" {rF++ EV+4 Str+5 Int-3}
   826 | D:2      | Noticed Natasha
   838 | D:2      | Reached skill level 1 in Armour
   841 | D:2      | Killed Natasha
   842 | D:2      | Reached skill level 1 in Short Blades
   842 | D:2      | Gained mutation: You have very sharp fingernails. [demonic
                  | ancestry]
   842 | D:2      | Reached XP level 4. HP: 33/33 MP: 4/4
  1371 | D:3      | Noticed Sigmund
  1401 | D:3      | Killed Sigmund
  1402 | D:3      | Gained mutation: You have large cloven feet. [demonic
                  | ancestry]
  1402 | D:3      | Reached XP level 5. HP: 23/39 MP: 5/5
  1895 | D:4      | Gained mutation: You are partially covered in sharp spines.
                  | [demonic ancestry]
  1895 | D:4      | Reached XP level 6. HP: 46/46 MP: 6/6
  1953 | D:4      | Noticed Menkaure
  1962 | D:4      | Killed Menkaure
  1963 | D:4      | Reached skill level 4 in Dodging
  2143 | D:4      | Reached XP level 7. HP: 51/51 MP: 7/7
  2157 | D:4      | Noticed Grinder
  2157 | D:4      | Paralysed by Grinder for 2 turns
  2183 | D:4      | Paralysed by Grinder for 5 turns
  2187 | D:4      | HP: 2/51 [Grinder/nerve-wracking pain (10)]
  2189 | D:4      | Killed from afar by Grinder

Illustrated notes

Levels and vault maps discovered:
D:1:      saegor_arrival_simple_b, layout_rooms, serial_park_tiny_pond,
          minivault_19
D:2:      layout_rooms, hangedman_abyss_or_decor_stabs, minmay_strange_pillars,
          uniq_natasha
D:3:      layout_loops_cross, st_stairs_10, uniq_sigmund
D:4:      layout_rooms, mainiacjoe_overflow_alcove_2, minmay_temple_entry_waves,
          portal_sewer_entry_f, uniq_menkaure, uniq_grinder, uniq_edmund

Skill      XL: |  1  2  3  4  5  6 |
---------------+-------------------+-----
Dodging        | 3 4 |  4.2
Polearms       | 3 |  3.1
Throwing       | 2 |  2.0
Armour         | 1 2 3 |  3.6
Short Blades   | 1 2 3 |  3.4
Fighting       | |  2.8
Stealth        | |  0.6

Action                   |  1- 3 |  4- 6 |  7- 9 || total
-------------------------+-------+-------+-------++-------
Melee: Trident           |     7 |       |       ||     7
       Short sword       |    94 |    87 |    18 ||   199
       Kick              |       |    18 |     3 ||    21
Armor: Leather armour    |     5 |       |       ||     5
       Ring mail         |    62 |    14 |       ||    76
       Chain mail        |       |    11 |     6 ||    17
Dodge: Dodged            |   107 |    81 |    11 ||   199

Table legend: (Time is in decaauts)
 A = Elapsed time spent in this place.
 B = Non-inter-level travel time spent in this place.
 C = Inter-level travel time spent in this place.
 D = Time resting spent in this place.
 E = Time spent auto-exploring this place.
 F = Levels seen in this place.
 G = Mean time per level.
                   A        B        C        D        E       F      G
               +--------+--------+--------+--------+--------+-----+--------+
         Total |   2179 |   2179 |      0 |     41 |      0 |   4 |  544.8 |
       Dungeon |   2179 |   2179 |      0 |     41 |      0 |   4 |  544.8 |
               +--------+--------+--------+--------+--------+-----+--------+

Top non-repeatable levels by time:
     D:3: 892 daAuts
     D:2: 618 daAuts
     D:1: 375 daAuts
     D:4: 293 daAuts
